Unix xNetHack Version 8.0.0 - last build Jun 13 2023 11:06:09 (4b7ecc64c373f7294607d497be3f7ce1783331ac). Game began 2023-06-28 21:33:52, ended 2023-06-28 22:30:24. Moult, neutral male gnomish Healer ---- --- |..---. --------------------.----------- -- ----- |.....|...- ---.............--..o.o..........--.-- |...| --.--.|...--|......................~.............| |..>| |.|-......||..------------........---------....-- |..-- --.|......--|..| | | |....~o.o| |%%]|....-- --.| |..|......---..| .| |..|..o.....| |(!?|.....--- |.| |.--...........| . |..-...@....| |%)?|.......| |.-- |.|............--|---+-----.......@| ..|..--...- |..---.|-...............................---+---|-..| .... --.....|--...................{......G.........~....| ...- ---.----- --.-.................---+--....--|---+--..| ... --....| |.........-+-----|-.| |.----.. |.... .--- |.....| |-........| . |.| |.+ |... |..-- -- |....-| ---.........| |.| |.| |... |..| -.....| |...........| |.| |.| |... |..| |.......| |...........---------.------.------------..| |.....--- --................).......................-- ----..| --........--............................-- |..| -------.----.---.--.--.-------- ------- ---- --- --- ------ -- Moult the Rhizotomist St:11 Dx:13 Co:14 In:14 Wi:13 Ch:11 Neutral S:380 Dlvl:7 $:1133 HP:0(12) Pw:8(8) AC:0 Xp:1/0 T:1057 Latest messages: This door is locked. The door resists! The hill orc hurls a white potion! The vial crashes on the hill orc's head and breaks into shards. The white potion evaporates. The hill orc falls asleep. The door opens. You hear an animal carcass being offered in sacrifice. You hear crashing rock. The hill orc throws a crude dagger! You are hit by a crude dagger. What do you want to write with? [- afqrw or ?*] - You write in the dust with your fingertip. The hill orc turns to flee. The hill orc turns to flee. The hill orc wields a curved sword! The hill orc swings his curved sword. Your pair of leather gloves deflects the hill orc's attack. The hill orc punches you! The hill orc swings his curved sword. The hill orc lacerates you! The hill orc picks up a crude dagger. What do you want to write with? [- afqrw or ?*] - You write in the dust with your fingertip. The hill orc punches you! Something is written here in the dust. You read: "Elbeteth". You see no objects here. What do you want to write with? [- afqrw or ?*] - Do you want to add to the current engraving? n You wipe out the message that was written in the dust here. You write in the dust with your fingertip. Something is written here in the dust. You read: "Elbereth". You see no objects here. The hill orc turns to flee. The hill orc turns to flee. You hear a door open. The hill orc throws a crude dagger! The crude dagger hits the hill orc. The hill orc turns to flee. The hill orc picks up a crude dagger. The hill orc turns to flee. The hill orc turns to flee. The hill orc wields a crude dagger! You already found a monster. Use 'm' prefix to force another search. The hill orc punches you! You die... Do you want your possessions identified? y Do you want to see your attributes? q Inventory: Inventory: 659/675 weight (18/52 slots) Coins $ - 1133 gold pieces {11} Weapons w - 12 cursed -1 darts {12} q - a blessed +1 dwarvish spear {35} a - a +0 scalpel (weapon in hand) {5} r - a +0 gold dwarvish short sword {45} Armor t - an uncursed +0 dwarvish helm (being worn) {30} b - an uncursed +1 pair of leather gloves (being worn) {8} u - an uncursed +0 dwarvish roundshield (being worn) {75} v - an uncursed +0 dwarvish ring mail (being worn) {180} c - an uncursed +0 cloth light armor {100} Comestibles j - 6 uncursed apples {12} l - 3 uncursed food rations {60} m - 2 uncursed lichen corpses {40} Scrolls n - an uncursed scroll of blank paper {5} p - an uncursed scroll of identify {5} x - a cursed scroll of remove curse {5} Potions o - an uncursed potion of paralysis {20} Wands f - a wand of sleep (0:7) {7} Tools s - an uncursed stethoscope named 852 {4} Moult the Healer's attributes: Background: You were a Rhizotomist, a level 1 male gnomish Healer. You were neutral, on a mission for Hermes who was opposed by Athena (lawful) and Poseidon (chaotic). You were heterosexual. You were in the Gnomish Mines, on level 7. You entered the dungeon 1057 turns ago. It was nighttime. You had 0 experience points, 20 were needed to attain level 2. Your score was 380 before end-of-game adjustments. Basics: You had 0 out of 12 hit points. You had all 8 energy points (spell power). Your armor class was 0. Your wallet contained 1133 zorkmids. Autopickup was on for '_' plus thrown, with exceptions. Final Characteristics: Your strength was 11 (limit:18/50). Your dexterity was 13 (limit:18). Your constitution was 14 (limit:18). Your intelligence was 14 (limit:19). Your wisdom was 13 (limit:18). Your charisma was 11 (limit:18). Final Status: You were not hungry. You were unencumbered. You were wielding a knife. You had basic skill with knife. Final Attributes: You were fervently aligned. You were poison resistant. You had infravision. You were warded. You are dead. Miscellaneous: You never encountered a bones level. Total elapsed playing time was 36 minutes and 45 seconds. Major events: Turn 1: Moult the neutral male gnomish Healer entered the dungeon 820: entered the Gnomish Mines 1057: killed by a hill orc Vanquished creatures: a dwarf a yellow mold a gnome a gnome zombie a jackal a kobold a goblin 3 grid bugs 3 lichens a kobold zombie 4 newts 18 creatures vanquished. No species were genocided or became extinct. Voluntary challenges: You never hit with a wielded weapon. You were a pacifist. You read items or engraved 6 times. You never genocided any monsters. You never polymorphed an object. You never changed form. You never touched an artifact. You used no wishes. You were celibate. You never generated conflict. Achievement: You entered the Gnomish Mines. Dungeon overview: The Dungeons of Doom: levels 1 to 5 Level 1: Some fountains, a grave, a tree. Level 2: A fountain. Level 3: Stairs down to The Gnomish Mines. Level 4: A fountain, a tree. Level 5: The Gnomish Mines: levels 4 to 8 Level 4: Level 7: <- You were here. Some fountains. Final resting place for you, killed by a hill orc. Level 8: Game over: __________ / \ / REST \ / IN \ / PEACE \ / \ | Moult | | 1133 Au | | killed by a hill | | orc | | | | | | 2023 | *| * * * | * _________)/\\_//(\/(/\)/\//\/|_)_______ Goodbye Moult the Healer... You died in The Gnomish Mines on dungeon level 7 with 377 points, and 1133 pieces of gold, after 1057 moves. You were level 1 with a maximum of 12 hit points when you died.